 Dungeon Crawl Stone Soup version 0.30-a0-989-g0d87f670db (webtiles) character file.

Game seed: 10600114330069517408

3105 voltaire321 the Covert (level 10, -4/59 HPs)
             Began as a Kobold Enchanter on Apr 2, 2023.
             Was an Initiate of Wu Jian.
             Slain by Erolcha
             ... wielding a +6 giant spiked club
              (18 damage)
             ... on level 10 of the Dungeon.
             The game lasted 00:18:54 (6284 turns).

voltaire321 the Covert (Kobold Enchanter)           Turns: 6284, Time: 00:18:54

Health: -4/59      AC: 11    Str:  7    XL:     10   Next: 13%
Magic:  17/17      EV: 18    Int: 17    God:    Wu Jian [......]
Gold:   444        SH:  0    Dex: 18    Spells: 10/18 levels left

rFire   . . .      SeeInvis .    e - +1 dagger (elec)
rCold   . . .      Faith    .    (no shield)
rNeg    . . .      Spirit   .    D - +0 steam dragon scales
rPois   .          Reflect  .    u - +1 helmet
rElec   .          Rampage  .    t - +0 cloak
rCorr   .                        g - +0 pair of gloves
Will    +....                    d - +0 pair of boots
Stlth   +++++                    z - amulet of magic regeneration
HPRegen 0.29/turn                m - ring of willpower
MPRegen 0.55/turn                (no ring)

@: no status effects
A: small, no large weapons, nightstalker 3
a: Renounce Religion


You were on level 10 of the Dungeon.
You worshipped Wu Jian.
Wu Jian was noncommittal.
You visited 1 branch of the dungeon, and saw 8 of its levels.

You collected 483 gold pieces.
You spent 39 gold pieces at shops.

Inventory:

Hand Weapons
 a - a +1 dagger
 e - a +1 dagger of electrocution (weapon)
Armour
 d - a +0 pair of boots (worn)
 g - a +0 pair of gloves (worn)
 t - a +0 cloak (worn)
 u - a +1 helmet (worn)
 D - +0 steam dragon scales (worn)
Jewellery
 m - a ring of willpower (left hand)
 z - an amulet of magic regeneration (around neck)
 F - an amulet of the acrobat
 H - the ring of Lies {rElec rF+ rN+ rCorr MP-9}
   (You found it on level 7 of the Dungeon)

   [ring of protection from fire]

   rF:        It protects you from fire.
   rElec:     It insulates you from electricity.
   rN:        It protects you from negative energy.
   MP:        It affects your magic capacity (-9).
   rCorr:     It protects you from acid and corrosion.
Wands
 b - a wand of polymorph (8)
 j - a wand of digging (3)
 y - a wand of paralysis (23)
 A - a wand of light (10)
Scrolls
 f - a scroll of blinking
 i - a scroll of summoning
 k - 4 scrolls of magic mapping
 n - a scroll of enchant armour
 x - 5 scrolls of teleportation
 C - a scroll of amnesia
 I - a scroll of identify
Potions
 c - 4 potions of invisibility
 h - 3 potions of curing
 l - 3 potions of flight {unknown}
 o - a potion of resistance {unknown}
 p - 4 potions of brilliance {unknown}
 q - a potion of degeneration {unknown}
 r - 4 potions of mutation {unknown}
 s - a potion of might
 v - 3 potions of haste {unknown}
 w - a potion of ambrosia
 B - a potion of magic {unknown}
 E - 3 potions of lignification {unknown}


   Skills:
 + Level 5.0 Fighting
 + Level 5.9 Short Blades
 + Level 3.4 Armour
 + Level 5.8 Dodging
 + Level 8.3 Stealth
 + Level 4.9 Spellcasting
 + Level 3.1 Conjurations
 + Level 5.6 Hexes
 - Level 4.0 Ice Magic


You had 10 spell levels left.
You knew the following spells:

 Your Spells              Type           Power      Damage    Failure   Level
a - Ensorcelled Hibernat  Hex/Ice        40%        N/A       3%          2
b - Tukima's Dance        Hex            23%        N/A       4%          3
c - Dazzling Flash        Conj/Hex       38%        N/A       7%          3

Your spell library contained the following spells:

 Spells                   Type           Power      Damage    Failure   Level
 Slow                     Hex            92%        N/A       1%          1
 Confusing Touch          Hex            23%        N/A       4%          3
 Necrotise                Necr           16%        1d4       14%         1
 Cigotuvi's Dreadful Rot  Necr/Pois/Air  8%         N/A       22%         2
 Vampiric Draining        Necr           4%         2d6       41%         3
 Vhi's Electric Charge    Tloc/Air       8%         N/A       41%         3
 Iskenderun's Mystic Bla  Conj/Tloc      9%         2d4       58%         4
 Dispel Undead            Necr           4%         3d7       82%         4
 Arcjolt                  Conj/Air       4%         1d14      91%         5
 Agony                    Necr           4%         N/A       99%         5
 Death Channel            Necr           2%         N/A       100%        6
 Starburst                Conj/Fire      4%         6d4       100%        6
 Maxwell's Capacitive Co  Air            2%         ∞         100%        8


Dungeon Overview and Level Annotations

Branches:
Dungeon (7/15)             Temple (0/1) D:7

Altars:
Cheibriados
Dithmenos
Fedhas
Hepliaklqana
Wu Jian
The Shining One

Shops:
D:1 [[[((   D:2 !   D:4 *

Annotations:
D:4 2 runed translucent doors
D:6 Prince Ribbit
D:10 Erolcha


Innate Abilities, Weirdness & Mutations

You are small and have problems with some larger weapons.
You are completely attuned to the shadows.


Message History

You hit Erolcha but do no damage. Lightning courses through Erolcha!
Erolcha is moderately wounded.
You hit Erolcha but do no damage.
Erolcha is moderately wounded.
Erolcha hits you with a +6 giant spiked club!!
You hit Erolcha. Lightning courses through Erolcha!
Erolcha is severely wounded.
You hit Erolcha but do no damage.
Erolcha is severely wounded.
Erolcha hits you with a +6 giant spiked club!!
* * * LOW HITPOINT WARNING * * *
You feel much better.
You hit Erolcha but do no damage.
Erolcha is severely wounded.
Erolcha mumbles some strange words.
Erolcha blinks!
Erolcha closely misses you.
You hit Erolcha but do no damage.
Erolcha is heavily wounded.
You hit Erolcha but do no damage.
Erolcha is heavily wounded.
Erolcha closely misses you.
You hit Erolcha but do no damage. Lightning courses through Erolcha!
Erolcha is almost dead.
You barely miss Erolcha.
Erolcha is almost dead.
Erolcha closely misses you.
You hit Erolcha but do no damage.
Erolcha is almost dead.
You hit Erolcha.
Erolcha is almost dead.
Erolcha casts a spell.
Erolcha flickers and vanishes!
Deactivating autopickup; reactivate with Ctrl-A.
You hit something but do no damage. You miss something.
Your punch misses something. Something hits you!!
Ouch! That really hurt!
* * * LOW HITPOINT WARNING * * *
You feel better. Something hits you!!
You die...

#..### #....#
#....# #######
#....#######......
#........{@.......
#...#######.....#
.... #.....# ....
#.....# ....
#.....# #.....#
#.....+ #.....#
#.......


There were no monsters in sight!

Vanquished Creatures
  Grinder (D:4)
  A steam dragon (D:4)
  Menkaure (D:5)
  Duvessa (D:6)
  2 sky beasts (D:7)
  An ice beast (D:5)
  3 black bears
  6 ogres
  2 centaurs (D:6)
  3 bullfrogs (D:7)
  Blork the orc (D:6)
  A gnoll sergeant (D:4)
  A scorpion (D:5)
  Dowan (D:6)
  3 killer bees (D:7)
  3 jellies
  2 orc priests (D:5)
  3 hounds
  Crazy Yiuf (D:2)
  Terence (D:2)
  3 iguanas
  3 orc wizards
  Robin (D:2)
  6 adders
  3 gnolls (D:4)
  4 white imps
  5 dart slugs
  19 orcs
  3 bats
  4 endoplasms
  3 giant cockroaches
  16 goblins
  10 hobgoblins
  4 jackals
  4 quokkas
  13 ball pythons
  6 frilled lizards
  16 kobolds
  6 rats
167 creatures vanquished.

Vanquished Creatures (collateral kills)
  A killer bee (D:7)
  An iguana (D:7)
  An orc wizard (D:7)
3 creatures vanquished.

Grand Total: 170 creatures vanquished

Notes
Turn   | Place    | Note
-------+----------+-------------------------------------------
     0 | D:1      | voltaire321 the Kobold Enchanter began the quest for the
                  | Orb.
     0 | D:1      | Reached XP level 1. HP: 10/10 MP: 3/3
   178 | D:1      | Reached XP level 2. HP: 15/15 MP: 5/5
   181 | D:1      | Learned a level 2 spell: Ensorcelled Hibernation
   228 | D:1      | Found Erchen's Antique Weapon Emporium.
   359 | D:1      | Found Warucupurgh's Antique Armour Emporium.
   369 | D:1      | Found Quufa's Antique Armour Shoppe.
   399 | D:1      | Reached XP level 3. HP: 20/20 MP: 6/6
   443 | D:1      | Found Masowk Akla's Antique Armour Boutique.
   608 | D:1      | Found Jomojyph's Antique Weapon Boutique.
   647 | D:2      | Learned a level 3 spell: Tukima's Dance
   978 | D:2      | Reached skill level 1 in Fighting
   978 | D:2      | Reached XP level 4. HP: 25/25 MP: 2/7
  1070 | D:2      | Found Kataqunt's Distillery.
  1108 | D:2      | Bought a potion of curing for 39 gold pieces
  1347 | D:2      | Found a runed translucent door.
  1350 | D:2      | Noticed Crazy Yiuf
  1356 | D:2      | Killed Crazy Yiuf
  1357 | D:2      | Reached skill level 5 in Stealth
  1357 | D:2      | Reached skill level 1 in Ice Magic
  1460 | D:2      | Noticed Robin
  1464 | D:2      | Killed Robin
  1465 | D:2      | Reached XP level 5. HP: 23/29 MP: 5/8
  1714 | D:2      | Noticed Terence
  1727 | D:2      | Killed Terence
  1918 | D:2      | Identified the +5 scale mail of the Watchman {rF+ rC++
                  | Will+ MP-9}
  2235 | D:3      | Found a faded altar of an unknown god.
  2250 | D:3      | Reached XP level 6. HP: 35/35 MP: 10/10
  2268 | D:3      | Reached skill level 1 in Armour
  2564 | D:4      | Noticed an ogre
  2570 | D:4      | Killed an ogre
  2588 | D:4      | Noticed an ogre
  2598 | D:4      | Killed an ogre
  2599 | D:4      | Reached skill level 6 in Stealth
  2599 | D:4      | Reached XP level 7. HP: 40/40 MP: 4/11
  2869 | D:4      | Found a large runed translucent door.
  2870 | D:4      | Found a large runed translucent door.
  2880 | D:4      | Found a large runed translucent door.
  2886 | D:4      | Found a large runed translucent door.
  2944 | D:4      | Noticed a steam dragon
  2956 | D:4      | Killed a steam dragon
  3188 | D:4      | Identified the +8 hand axe "Paoffoar" {heavy, Int+3}
  3324 | D:4      | Found Boippiur's Assorted Antiques.
  3338 | D:4      | Noticed Grinder
  3352 | D:4      | Killed Grinder
  3353 | D:4      | Reached XP level 8. HP: 41/46 MP: 13/13
  3357 | D:4      | Learned a level 3 spell: Dazzling Flash
  3404 | D:4      | Found a shadowy altar of Dithmenos.
  3445 | D:4      | Found a blossoming altar of Fedhas.
  3942 | D:4      | Found a snail-covered altar of Cheibriados.
  4014 | D:5      | Entered Level 5 of the Dungeon
  4365 | D:5      | Reached skill level 7 in Stealth
  4365 | D:5      | Reached skill level 1 in Conjurations
  4807 | D:5      | Found a glowing golden altar of the Shining One.
  5073 | D:5      | Reached XP level 9. HP: 52/52 MP: 15/15
  5145 | D:5      | Noticed Menkaure
  5149 | D:5      | Killed Menkaure
  5240 | D:6      | Noticed Duvessa
  5241 | D:6      | Noticed Dowan
  5245 | D:6      | Killed Duvessa
  5246 | D:6      | Reached skill level 5 in Short Blades
  5248 | D:6      | Killed Dowan
  5249 | D:6      | Reached skill level 5 in Dodging
  5261 | D:6      | Reached skill level 5 in Hexes
  5302 | D:6      | Noticed Prince Ribbit
  5330 | D:6      | Found an ornate altar of the Wu Jian Council.
  5467 | D:6      | Found a hazy altar of Hepliaklqana.
  5488 | D:6      | Became a worshipper of the Wu Jian Council
  5731 | D:6      | Noticed Blork the orc
  5737 | D:6      | Killed Blork the orc
  5879 | D:7      | Reached skill level 8 in Stealth
  5913 | D:7      | Reached XP level 10. HP: 38/58 MP: 13/17
  6068 | D:7      | Identified the ring of Lies {rElec rF+ rN+ rCorr MP-9}
  6139 | D:7      | Reached skill level 5 in Fighting
  6170 | D:7      | Found a staircase to the Ecumenical Temple.
  6240 | D:7      | You fall into a shaft and drop 3 floors!
  6240 | D:10     | Entered Level 10 of the Dungeon
  6253 | D:10     | Noticed Erolcha
  6284 | D:10     | Slain by Erolcha

Illustrated notes

Levels and vault maps discovered:
D:1:      dpeg_arrival_arbitrary_c, layout_rooms, serial_shops,
          nicolae_shop_statue_plus, nicolae_shop_crystal, shop, shop,
          nicolae_shop_behind_doors
D:2:      layout_loops_corners, serial_shops, nicolae_shop_stone,
          uniq_crazy_yiuf_cottage, uniq_robin, uniq_terence
D:3:      layout_rooms, ebering_ecumenical_altar_mist, minmay_misc_feat_roman
D:4:      layout_loops_cross, lemuel_coloured_pillars_altar, lemuel_tele_altar,
          amcnicky_altar_gilded, serial_shops, nicolae_shop_overgrown_old_shop,
          minmay_hollow_rounded_squares, uniq_grinder
D:5:      layout_loops_ring, mainiacjoe_overflow_24_doors, uniq_menkaure
D:6:      layout_basic, mainiacjoe_overflow_catwalk_spiral, uniq_duvessa,
          uniq_blork_the_orc, uniq_prince_ribbit1
D:7:      layout_rooms, temple_fountains
D:10:     layout_irregular_city, mainiacjoe_overflow_chevrons, serial_shops,
          shop, uniq_erolcha

Skill      XL: |  1  2  3  4  5  6  7  8  9 10 |
---------------+-------------------------------+-----
Fighting       | 1 2 3 4 5 |  5.0
Short Blades   | 2 3 4 5 |  5.9
Stealth        | 5 6 7 8 |  8.3
Ice Magic      | 1 2 3 4 |  4.0
Dodging        | 3 4 5 |  5.8
Armour         | 1 2 3 |  3.4
Spellcasting   | 3 4 |  4.9
Hexes          | 4 5 |  5.6
Conjurations   | 1 2 3 |  3.1

Action                     |  1- 3 |  4- 6 |  7- 9 | 10-12 || total
---------------------------+-------+-------+-------+-------++-------
  Melee: Dagger            |    45 |   109 |   194 |    30 ||   378
         Punch             |     1 |       |     4 |       ||     5
   Cast: Ensorcelled Hiber |     4 |    12 |    31 |     2 ||    49
         Dazzling Flash    |       |       |       |     1 ||     1
Ability: Lunge             |       |       |     5 |     6 ||    11
    Use: Scroll            |       |       |    13 |       ||    13
         Potion            |       |       |       |     2 ||     2
   Stab: Sleeping          |    23 |    19 |    42 |     4 ||    88
         Distracted        |       |       |     1 |     1 ||     2
 Armour: Robe              |     1 |    20 |     6 |       ||    27
         Steam dragon scal |       |       |    35 |     3 ||    38
  Dodge: Dodged            |    19 |    49 |   115 |    10 ||   193

Table legend: (Time is in decaauts)
 A = Elapsed time spent in this place.
 B = Non-inter-level travel time spent in this place.
 C = Inter-level travel time spent in this place.
 D = Time resting spent in this place.
 E = Time spent auto-exploring this place.
 F = Levels seen in this place.
 G = Mean time per level.
                   A        B        C        D        E       F      G
               +--------+--------+--------+--------+--------+-----+--------+
         Total |   6219 |   6046 |    173 |    768 |   3825 |   8 |  777.4 |
       Dungeon |   6219 |   6046 |    173 |    768 |   3825 |   8 |  777.4 |
               +--------+--------+--------+--------+--------+-----+--------+

Top non-repeatable levels by time:
     D:4: 1458 daAuts
     D:2: 1298 daAuts
     D:5: 1186 daAuts
     D:1: 629 daAuts
     D:3: 618 daAuts
     D:6: 600 daAuts
     D:7: 390 daAuts
    D:10: 39 daAuts
